 Dungeon Crawl Stone Soup version 0.31.0-12-g77e489cdc1 (webtiles) character file.

Game seed: 8444455132511913783

3027 Wetcke the Fighter (level 9, 0/71 (77) HPs)
             Began as a Merfolk Monk on Feb 26, 2024.
             Was an Initiate of Ashenzari.
             Succumbed to a killer bee's poison
             ... on level 8 of the Dungeon.
             The game lasted 00:14:38 (7700 turns).

Wetcke the Fighter (Merfolk Monk)                   Turns: 7700, Time: 00:14:39

HP:   0/71 (77)     AC: 13    Str: 11    XL:     9   Next: 85%
MP:   9/9           EV: 17    Int:  9    God:    Ashenzari [......]
Gold: 375           SH:  0    Dex: 21    Spells: 8/8 levels left

rFire   + .          .
                       - Unarmed
rCold   . . .        c - orb {light}
rNeg    . . .        v - +1 ring mail {rF+}
rPois   .            (no helmet)
rElec   .            B - +1 cloak {Stlth+}
rCorr   .            (no gloves)
SInv    +            s - +0 pair of boots
Will    .....        e - amulet of the acrobat
Stlth   ++           T - +4 ring of protection
HPRegen 0.31/turn    (no ring)
MPRegen 0.11/turn

%: acrobat
@: lethally poisoned (0 -> -6), glowing, drained
A: (nimble swimmer 2), mertail, see invisible, wild magic 1, sturdy frame 1
a: Renounce Religion, Curse Item


You were on level 8 of the Dungeon.
You worshipped Ashenzari.
Ashenzari was noncommittal.
You visited 2 branches of the dungeon, and saw 9 of its levels.
You also visited: Ossuary.

You collected 375 gold pieces.


Innate Abilities, Weirdness & Mutations

((You are very nimble when in or above water. (Stealth+, EV+, Speed+++)))
Your lower body shifts to a powerful aquatic tail in water.
You have supernaturally acute eyesight. (SInv)
Your spells are a little harder to cast, but a little more powerful.
Your movements are slightly less encumbered by armour. (ER -2)


   Skills:
 + Level 9.6 Fighting
 - Level 9.0 Dodging
 - Level 3.0 Stealth
 - Level 9.0 Unarmed Combat
 - Level 3.0 Evocations


You had 8 spell levels left.
You didn't know any spells.
Your spell library contained the following spells:

 Spells                   Type           Power      Damage    Failure   Level
 Cigotuvi's Dreadful Rot  Necr/Alch/Air  0%         N/A       75%         2
 Frozen Ramparts          Ice            0%         1d1       92%         3
 Animate Dead             Necr           0%         N/A       100%        4
 Dispel Undead            Necr           0%         3d6       100%        4
 Leda's Liquefaction      Alch/Erth      0%         N/A       100%        4
 Martyr's Knell           Necr/Summ      0%         N/A       100%        4
 Petrify                  Alch/Erth      0%         N/A       100%        4
 Borgnjor's Vile Clutch   Necr/Erth      0%         N/A       100%        5
 Metabolic Englaciation   Hex/Ice        0%         N/A       100%        5
 Death Channel            Necr           0%         N/A       100%        6

Inventory:

Armour
 a - a +0 robe
 c - an orb of light (worn)
 d - a +2 leather armour of cold resistance
 s - a +0 pair of boots (worn)
 v - a +1 ring mail of fire resistance (worn)
 B - a +1 cloak of stealth (worn)
Jewellery
 e - an amulet of the acrobat (around neck)
 F - an amulet of reflection
 T - a +4 ring of protection (left hand)
Wands
 D - a wand of flame (36)
 H - a wand of acid (2)
Scrolls
 f - 4 scrolls of revelation {unknown}
 g - 3 scrolls of identify {unknown}
 i - 6 scrolls of enchant weapon {unknown}
 l - 3 scrolls of fog {unknown}
 m - 5 scrolls of teleportation {unknown}
 n - 3 scrolls of blinking {unknown}
 o - 3 scrolls of vulnerability {unknown}
 q - 3 scrolls of immolation {unknown}
 t - a scroll of torment {unknown}
 u - a scroll of brand weapon {unknown}
 y - 2 scrolls of enchant armour {unknown}
 A - 2 scrolls of poison {unknown}
 C - a scroll of acquirement {unknown}
 I - a scroll of noise {unknown}
Potions
 b - 2 potions of ambrosia
 h - a potion of lignification {unknown}
 j - 2 potions of resistance {unknown}
 k - 5 potions of curing {unknown}
 p - 2 potions of mutation
 r - a potion of attraction {unknown}
 w - 2 potions of invisibility {unknown}
 x - 2 potions of brilliance {unknown}
 z - a potion of heal wounds {unknown}
 E - a potion of cancellation {unknown}
 G - a potion of magic {unknown}
 J - a potion of degeneration {unknown}

Dungeon Overview and Level Annotations

Branches:
Dungeon (7/15)             Temple (1/1) D:6         Ossuary (visited)

Altars:
Ashenzari
Cheibriados
Dithmenos
Elyvilon
Fedhas
Gozag
Hepliaklqana
Kikubaaqudgha
Nemelex Xobeh
Okawaru
Qazlal
Sif Muna
Uskayaw
Vehumet
Xom
Yredelemnul
Zin
The Shining One

Shops:
D:4

: .... # .... #.. ...
.... #..##.. ......
#...... .........
#..... ........# #..g##
..##....#.
#y@##.##...... y.
##yy..##.y..# ...
...#.....#.y...# #.#.
.........##..#..# #....
....#........##.##.....
.#..#...##....z........
#...#.................
...)..................
##....................


You could see 3 killer bees and a gnoll.


Message History

The killer bee closely misses you.
You hit the killer bee but do no damage.
The killer bee misses you. The killer bee closely misses you. x2
The killer bee misses you.
Unknown command.
Unknown command.
You completely miss the killer bee.
The killer bee is moderately wounded.
The killer bee closely misses you. The killer bee stings you.
* * * LOW HITPOINT WARNING * * *
You are poisoned.
The killer bee poisons you!
The killer bee stings you but does no damage.
The gnoll barely misses you. The killer bee stings you!
* * * LOW HITPOINT WARNING * * *
The killer bee stings you.
* * * LOW HITPOINT WARNING * * *
You punch the killer bee!
The killer bee is almost dead.
* * * LOW HITPOINT WARNING * * *
You feel sick.
The killer bee stings you but does no damage.
The killer bee stings you.
* * * LOW HITPOINT WARNING * * *
The killer bee completely misses you. The killer bee misses you.
The gnoll barely misses you.
It was a potion of mutation.
You feel extremely strange.
You feel less in control of your magic.
Your vision sharpens.
You feel less encumbered by your armour.
You die...

Skill      XL: |  1  2  3  4  5  6  7  8  9 |
---------------+----------------------------+-----
Fighting       | 4 5 7 8 9 |  9.6
Unarmed Combat | 4 5 7 8 9 |  9.0
Dodging        | 5 6 8 9 |  9.0
Stealth        | 3 |  3.0
Evocations     | 3 |  3.0

Action                     |  1- 3 |  4- 6 |  7- 9 || total
---------------------------+-------+-------+-------++-------
  Melee: Unarmed           |   101 |   197 |   476 ||   774
         Tailslap          |       |       |     1 ||     1
  Evoke: Wand              |       |       |     5 ||     5
    Use: Potion            |       |     1 |     1 ||     2
 Armour: Robe              |     9 |       |       ||     9
         Leather armour    |    25 |    63 |       ||    88
         Ring mail         |       |     8 |   335 ||   343
  Dodge: Dodged            |    65 |   104 |   490 ||   659

Levels and vault maps discovered:
D:1:      dpeg_arrival_stonehenge_8_columns, layout_loops_ring, minmay_ruptured
D:2:      layout_basic, minmay_tromino_v4_a
D:3:      minmay_angry_zag, layout_loops_ring, lemuel_tele_altar
D:4:      layout_loops_cross, nemelex_spade_bored_becter, serial_shops,
          nicolae_book_shop_shelving, gup_sewer_entry_bubbles
D:5:      layout_loops_corners, mainiacjoe_overflow_24_doors,
          mainiacjoe_overflow_catwalk, nicolae_ossuary_entry_plus,
          uniq_eustachio, uniq_duvessa, uniq_prince_ribbit1, uniq_menkaure
D:6:      layout_rooms, worldfamousw_hep_ancestral_shrine,
          minmay_temple_entry_enclosed_plants
D:7:      layout_loops_ring, nicolae_uskayaw_murder_on_the_dancefloor,
          uniq_crazy_yiuf_cottage, uniq_maurice
D:8:      layout_cave_pools, mainiacjoe_overflow_alcove_4, bloody_makhleb,
          uniq_erica
Temple:   hellmonk_temple_flake

Notes
Turn   | Place    | Note
-------+----------+-------------------------------------------
     0 | D:1      | Wetcke the Merfolk Monk began the quest for the Orb.
     0 | D:1      | Reached XP level 1. HP: 18/18 MP: 1/1
    77 | D:1      | Reached XP level 2. HP: 25/25 MP: 2/2
    83 | D:1      | Reached skill level 4 in Fighting
   526 | D:1      | Reached XP level 3. HP: 30/30 MP: 3/3
   549 | D:1      | Reached skill level 4 in Unarmed Combat
  1207 | D:2      | Reached XP level 4. HP: 38/38 MP: 4/4
  1808 | D:3      | Found a blossoming altar of Fedhas.
  1823 | D:3      | Reached skill level 5 in Fighting
  1885 | D:3      | Reached XP level 5. HP: 7/44 MP: 5/5
  1889 | D:3      | HP: 2/44 [orc/+0 dagger (3)]
  1914 | D:3      | Reached skill level 5 in Unarmed Combat
  2054 | D:3      | Reached skill level 5 in Dodging
  2195 | D:3      | Reached XP level 6. HP: 38/51 MP: 6/6
  2992 | D:4      | Reached skill level 6 in Fighting
  3275 | D:4      | Reached skill level 7 in Fighting
  3427 | D:4      | Found Unemud's Book Shop.
  3459 | D:4      | Reached XP level 7. HP: 60/60 MP: 7/7
  3668 | D:4      | Found a sparkling altar of Nemelex Xobeh.
  3777 | D:4      | Reached skill level 6 in Unarmed Combat
  3886 | D:5      | Entered Level 5 of the Dungeon
  3886 | D:5      | Noticed Duvessa
  3889 | D:5      | Noticed Dowan
  3909 | D:5      | Killed Duvessa
  3913 | D:5      | Killed Dowan
  4107 | D:5      | Reached skill level 7 in Unarmed Combat
  4113 | D:5      | Found an iron altar of Okawaru.
  4125 | D:5      | Noticed Menkaure
  4136 | D:5      | Killed Menkaure
  4137 | D:5      | Reached skill level 6 in Dodging
  4137 | D:5      | Reached XP level 8. HP: 34/67 MP: 8/8
  4494 | D:5      | Found a sand-covered staircase.
  4499 | Ossuary  | Entered an ossuary
  4508 | Ossuary  | Reached skill level 7 in Dodging
  4781 | D:5      | Noticed Eustachio
  4855 | D:5      | Killed Eustachio
  4856 | D:5      | Reached skill level 8 in Fighting
  4937 | D:5      | Found a shadowy altar of Dithmenos.
  5397 | D:5      | Noticed Prince Ribbit
  5421 | D:5      | Killed Prince Ribbit
  5422 | D:5      | Reached skill level 8 in Unarmed Combat
  5422 | D:5      | Reached skill level 8 in Dodging
  5422 | D:5      | Reached skill level 1 in Stealth
  5680 | D:6      | Reached skill level 2 in Stealth
  5871 | D:6      | Reached skill level 3 in Stealth
  5871 | D:6      | Reached XP level 9. HP: 74/74 MP: 9/9
  5970 | D:6      | Found a staircase to the Ecumenical Temple.
  5976 | Temple   | Entered the Ecumenical Temple
  5985 | Temple   | Became a worshipper of Ashenzari the Shackled
  6115 | D:6      | Found a hazy altar of Hepliaklqana.
  6198 | D:7      | Reached skill level 9 in Fighting
  6481 | D:7      | Reached skill level 9 in Unarmed Combat
  6572 | D:7      | Found a hide-covered altar of Uskayaw.
  6614 | D:7      | Noticed Maurice
  6629 | D:7      | Maurice stole an amulet of reflection
  6630 | D:7      | Maurice stole a throwing net {=f}
  6645 | D:7      | Maurice stole 86 gold
  6646 | D:7      | Maurice stole 257 gold
  6661 | D:7      | Killed Maurice
  6662 | D:7      | Reached skill level 9 in Dodging
  6662 | D:7      | Reached skill level 2 in Evocations
  7105 | D:7      | Reached skill level 3 in Evocations
  7660 | D:7      | You fall into a shaft and drop 1 floor!
  7698 | D:8      | HP: 7/71 [killer bee (3)]
  7699 | D:8      | HP: 1/71 [killer bee (4)]
  7700 | D:8      | Gained mutation: Your spells are a little harder to cast,
                  | but a little more powerful. [potion of mutation]
  7700 | D:8      | Gained mutation: You have supernaturally acute eyesight.
                  | (SInv) [potion of mutation]
  7700 | D:8      | Gained mutation: Your movements are slightly less
                  | encumbered by armour. (ER -2) [potion of mutation]
  7700 | D:8      | Succumbed to a killer bee's poison

Vanquished Creatures
  Maurice (D:7)
  Prince Ribbit (D:5)
  Eustachio (D:5)
  Menkaure (D:5)
  Duvessa (D:5)
  An orc warrior (D:7)
  A water moccasin (D:7)
  A black bear (D:6)
  An ogre (D:4)
  A sky beast (D:7)
  An elf zombie (Ossuary)
  2 bullfrogs (D:7)
  2 scorpions
  A wight (D:8)
  Dowan (D:5)
  A killer bee (D:8)
  3 bombardier beetles
  2 jellies
  A human zombie (Ossuary)
  4 orc priests
  2 gnoll boudas
  2 sleepcaps
  3 iguanas
  8 orc wizards
  3 hound zombies (Ossuary)
  4 mummies (Ossuary)
  18 gnolls
  10 adders
  A river rat (D:4)
  2 shadow imps
  3 dart slugs
  2 ribbon worms (D:4)
  18 orcs
  8 ball pythons
  4 endoplasms
  3 giant cockroaches
  11 goblins
  10 hobgoblins
  3 jackals
  3 kobolds
  3 quokkas
  3 bats
  2 frilled lizards
  A gnoll zombie (Ossuary)
  2 goblin zombies (Ossuary)
  2 jackal zombies (Ossuary)
  2 orc zombies (Ossuary)
  6 rats
167 creatures vanquished.

Table legend: (Time is in decaauts)
 A = Elapsed time spent in this place.
 B = Non-inter-level travel time spent in this place.
 C = Inter-level travel time spent in this place.
 D = Time resting spent in this place.
 E = Time spent auto-exploring this place.
 F = Levels seen in this place.
 G = Mean time per level.
                   A        B        C        D        E       F      G
               +--------+--------+--------+--------+--------+-----+--------+
         Total |   7593 |   7391 |    202 |    843 |   5043 |  10 |  759.3 |
       Dungeon |   7342 |   7149 |    193 |    843 |   4919 |   8 |  917.8 |
        Temple |     18 |      9 |      9 |      0 |      0 |   1 |   18.0 |
       Ossuary |    232 |    232 |      0 |      0 |    124 |   1 |  232.0 |
               +--------+--------+--------+--------+--------+-----+--------+

Top non-repeatable levels by time:
     D:7: 1497 daAuts
     D:5: 1457 daAuts
     D:4: 1087 daAuts
     D:3: 1059 daAuts
     D:2: 1011 daAuts
     D:1: 683 daAuts
     D:6: 510 daAuts
 Ossuary: 232 daAuts
     D:8: 36 daAuts
  Temple: 18 daAuts

Table legend:
 A = Non-vault XP
 B = Vault XP
 C = Vault XP percentage of total XP
 D = Non-vault monster count
 E = Vault monster count
 F = Vault count percentage of total count
                 A         B        C        D         E       F
            +---------+---------+-------+---------+---------+-------
      Total |    2609 |    1716 |  39.7 |     130 |      37 |  22.2
            +---------+---------+-------+---------+---------+-------
        D:1 |      30 |       7 |  18.9 |      17 |       3 |  15.0
        D:2 |      34 |      14 |  29.2 |      13 |       2 |  13.3
        D:3 |     252 |      10 |   3.8 |      19 |       6 |  24.0
        D:4 |     448 |      21 |   4.5 |      29 |       4 |  12.1
        D:5 |     248 |     867 |  77.8 |      14 |       5 |  26.3
        D:6 |     370 |       0 |   0.0 |      10 |       0 |   0.0
        D:7 |    1092 |     520 |  32.3 |      26 |       1 |   3.7
        D:8 |     135 |       0 |   0.0 |       2 |       0 |   0.0
    Ossuary |       0 |     277 | 100.0 |       0 |      16 | 100.0
            +---------+---------+-------+---------+---------+-------
